PBL
CLEVELAND INDIANS @ CHICAGO WHITE SOX
04/15/2071
 
TOP OF THE 1ST
Cleveland Indians batting - Pitching for Chicago White Sox : RHP Ray Petty
Pitching: RHP Ray Petty
Batting: RHB Ramón Murillo 0-0: Ball
1-0: Bunt for hit to 15S - play at first, batter safe!
Batting: LHB Jorge Morán 0-0: Called Strike
0-1: Ball
1-1: Ball
2-1: Swinging Strike
2-2: SINGLE (Groundball, 4S, EV 75.0 MPH) (infield hit)
Ramón Murillo to second
Batting: LHB Tony Locke 0-0: Ball
1-0: SINGLE (Groundball, 6MD, EV 110.0 MPH)
Ramón Murillo to third
Jorge Morán to second
Runner from 3rd tries for Home, SAFE, throw by CF to home
Batting: LHB Harumi Sato 0-0: Ball
1-0: Ball
2-0: Fielders Choice at 2nd, 4-6 (Groundball, 4, EV 81.3 MPH)
Jorge Morán to third
Batting: RHB Cheung Fang 0-0: Ball
1-0: Ball
2-0: Called Strike
2-1: Foul Ball, location: 9LDF
2-2: Foul Ball, location: 2F
2-2: Foul Ball, location: 2F
2-2: Strikes out swinging
Batting: SHB Adam Emery 0-0: Ball
1-0: Ground out U3 (Groundball, 3L, EV 88.8 MPH)
Top of the 1st over - 1 run, 3 hits, 0 errors, 2 left on base; Cleveland 1 - Chicago 0
BOTTOM OF THE 1ST
Chicago White Sox batting - Pitching for Cleveland Indians : RHP Mike McCoy
Pitching: RHP Mike McCoy
Batting: LHB Paul McLean 0-0: Called Strike
0-1: Ball
1-1: Ball
2-1: Swinging Strike
2-2: Ground out 4-3 (Groundball, 4, EV 80.6 MPH)
Batting: LHB Júlio González 0-0: Ball
1-0: Ball
2-0: Foul Ball, location: 3F
2-1: Ball
3-1: Base on Balls
Batting: LHB Jorge Castaneda 0-0: Swinging Strike
0-1: Ball
1-1: Foul Ball, location: 3F
1-2: Strikes out swinging
Batting: RHB Bernardo López 0-0: SINGLE (Line Drive, 78M, EV 96.9 MPH)
Júlio González to second
Runner from 2nd tries for 3rd, SAFE, no throw by CF
Batting: LHB Ching-wei Lok 0-0: Ball
1-0: DOUBLE (Line Drive, 78M, EV 108.8 MPH)
Júlio González scores
Bernardo López to third
Batting: LHB Doug Hanna 0-0: Ball
1-0: 3-RUN HOME RUN (Flyball, 89XD, EV 100.0 MPH), Distance : 395 ft
Pitching: RHP Lúcio Robinson
Batting: LHB John Mrazek 0-0: Called Strike
0-1: Ball
1-1: Ball
2-1: Ball
3-1: Swinging Strike
3-2: Strikes out swinging
Bottom of the 1st over - 4 runs, 3 hits, 0 errors, 0 left on base; Cleveland 1 - Chicago 4
TOP OF THE 2ND
Cleveland Indians batting - Pitching for Chicago White Sox : RHP Ray Petty
Batting: RHB Juan Galindo 0-0: Ball
1-0: Ground out 6-3 (Groundball, 6, EV 84.4 MPH)
Batting: RHB Fedyenka Tiguntsev 0-0: Foul Ball, location: 3F
0-1: Called Strike
0-2: Foul Ball, location: 9LDF
0-2: SINGLE (Popup, 6MD, EV 41.3 MPH)
Batting: LHB Bill Martínez 0-0: Called Strike
0-1: Ball
1-1: Foul Ball, location: 2F
1-2: Ball
2-2: Strikes out swinging
Batting: RHB Ramón Murillo 0-0: Ground out 4-3 (Groundball, 4, EV 87.5 MPH)
Top of the 2nd over - 0 runs, 1 hit, 0 errors, 1 left on base; Cleveland 1 - Chicago 4
BOTTOM OF THE 2ND
Chicago White Sox batting - Pitching for Cleveland Indians : RHP Lúcio Robinson
Batting: RHB Roberto Moelroy 0-0: Ball
1-0: Ball
2-0: Ball
3-0: Called Strike
3-1: Called Strike
3-2: Fly out, F6 (Popup, 6MS, EV 58.8 MPH)
Batting: LHB George Stewart 0-0: SINGLE (Line Drive, 8RS, EV 101.9 MPH)
Batting: LHB Paul McLean 0-0: Called Strike
0-1: Ball
1-1: Foul Ball, location: 5DF
1-2: Ball
2-2: Foul Ball, location: 7LSF
2-2: Foul Ball, location: 3FF
2-2: Strikes out looking
Batting: LHB Júlio González 0-0: Ball
1-0: SINGLE (Groundball, 4D, EV 100.0 MPH)
George Stewart to second
Runner from 2nd tries for 3rd, SAFE, throw by CF made to third
Batting: LHB Jorge Castaneda 0-0: Called Strike
0-1: Ball
1-1: Called Strike
1-2: Ground out 4-3 (Groundball, 34D, EV 79.4 MPH)
Bottom of the 2nd over - 0 runs, 2 hits, 0 errors, 2 left on base; Cleveland 1 - Chicago 4
TOP OF THE 3RD
Cleveland Indians batting - Pitching for Chicago White Sox : RHP Ray Petty
Batting: LHB Jorge Morán 0-0: Ball
1-0: Ball
2-0: Ball
3-0: Called Strike
3-1: Called Strike
3-2: Strikes out swinging, 2-3 out at first.
Batting: LHB Tony Locke 0-0: Called Strike
0-1: Ball
1-1: SOLO HOME RUN (Flyball, 9LD, EV 93.8 MPH), Distance : 349 ft
Batting: LHB Harumi Sato 0-0: Ball
1-0: Swinging Strike
1-1: Ball
2-1: Fly out, F7 (Flyball, 78S, EV 96.9 MPH)
Batting: RHB Cheung Fang 0-0: Ball
1-0: Swinging Strike
1-1: Called Strike
1-2: Ball
2-2: Foul Ball, location: 5SF
2-2: Foul Ball, location: 2F
2-2: Strikes out swinging
Top of the 3rd over - 1 run, 1 hit, 0 errors, 0 left on base; Cleveland 2 - Chicago 4
BOTTOM OF THE 3RD
Chicago White Sox batting - Pitching for Cleveland Indians : RHP Lúcio Robinson
Batting: RHB Bernardo López 0-0: Foul Ball, location: 23F
0-1: Called Strike
0-2: Ball
1-2: Strikes out looking
Batting: LHB Ching-wei Lok 0-0: Ball
1-0: Ball
2-0: Ball
3-0: Base on Balls
Batting: LHB Doug Hanna 0-0: Ball
1-0: Ball
2-0: Ball
3-0: Base on Balls
Ching-wei Lok to second
Batting: LHB John Mrazek 0-0: Ball
1-0: Called Strike
1-1: Ball
2-1: Fielders Choice at 2nd, 4-6 (Groundball, 4, EV 84.4 MPH)
Ching-wei Lok to third
Batting: RHB Roberto Moelroy 0-0: Fly out, F4 (Popup, 4MD, EV 53.1 MPH)
Bottom of the 3rd over - 0 runs, 0 hits, 0 errors, 2 left on base; Cleveland 2 - Chicago 4
TOP OF THE 4TH
Cleveland Indians batting - Pitching for Chicago White Sox : RHP Ray Petty
Batting: SHB Adam Emery 0-0: Ball
1-0: Called Strike
1-1: Ball
2-1: Ball
3-1: SINGLE (Line Drive, 7LS, EV 103.1 MPH)
Batting: RHB Juan Galindo 0-0: Ball
1-0: Called Strike
1-1: Called Strike
1-2: Fly out, F6 (Line Drive, 6MD, EV 73.8 MPH)
Batting: RHB Fedyenka Tiguntsev 0-0: Ball
1-0: Called Strike
1-1: Swinging Strike
1-2: Ball
2-2: Strikes out swinging
Batting: LHB Bill Martínez 0-0: Ball
1-0: Ground out 4-3 (Groundball, 4, EV 101.9 MPH)
Top of the 4th over - 0 runs, 1 hit, 0 errors, 1 left on base; Cleveland 2 - Chicago 4
BOTTOM OF THE 4TH
Chicago White Sox batting - Pitching for Cleveland Indians : RHP Lúcio Robinson
Batting: LHB George Stewart 0-0: Called Strike
0-1: Fly out, F6 (Popup, 6, EV 70.6 MPH)
Batting: LHB Paul McLean 0-0: Called Strike
0-1: Foul Ball, location: 2F
0-2: Ball
1-2: Ground out 5-3 (Groundball, 56, EV 105.0 MPH)
Batting: LHB Júlio González 0-0: Swinging Strike
0-1: SINGLE (Flyball, 8LS, EV 93.8 MPH)
Batting: LHB Jorge Castaneda 0-0: Ball
1-0: Fly out, F8 (Flyball, 8RD, EV 93.1 MPH)
Bottom of the 4th over - 0 runs, 1 hit, 0 errors, 1 left on base; Cleveland 2 - Chicago 4
TOP OF THE 5TH
Cleveland Indians batting - Pitching for Chicago White Sox : RHP Ray Petty
Batting: RHB Ramón Murillo 0-0: Fly out, F8 (Line Drive, 8LM, EV 108.1 MPH)
Batting: LHB Jorge Morán 0-0: Ball
1-0: SINGLE (Line Drive, 9S, EV 83.8 MPH)
Batting: LHB Tony Locke 0-0: Ball
1-0: Ball
2-0: Called Strike
Jorge Morán is caught stealing 2nd base 2-6
2-1: Reached on error, E3 (Groundball, 3L, EV 100.6 MPH)
Batting: LHB Harumi Sato 0-0: Called Strike
0-1: Ball
1-1: Foul Ball, location: 2F
1-2: Strikes out swinging
Top of the 5th over - 0 runs, 1 hit, 1 error, 1 left on base; Cleveland 2 - Chicago 4
BOTTOM OF THE 5TH
Chicago White Sox batting - Pitching for Cleveland Indians : RHP Lúcio Robinson
Batting: RHB Bernardo López 0-0: Foul Ball, location: 5SF
0-1: SINGLE (Groundball, 56D, EV 86.9 MPH) (infield hit)
Batting: LHB Ching-wei Lok 0-0: Fly out, F7 (Flyball, 78S, EV 91.9 MPH)
Batting: LHB Doug Hanna 0-0: Called Strike
Bernardo López steals 2nd base
0-1: Called Strike
0-2: Ball
1-2: 2-RUN HOME RUN (Line Drive, 9D, EV 96.3 MPH), Distance : 381 ft
Batting: LHB John Mrazek 0-0: Ground out 6-3 (Groundball, 6, EV 93.1 MPH)
Batting: RHB Roberto Moelroy 0-0: Called Strike
0-1: Swinging Strike
0-2: Ball
1-2: Fly out, F9 (Flyball, 89M, EV 95.0 MPH)
Bottom of the 5th over - 2 runs, 2 hits, 0 errors, 0 left on base; Cleveland 2 - Chicago 6
TOP OF THE 6TH
Cleveland Indians batting - Pitching for Chicago White Sox : RHP Ray Petty
Pitching: RHP Rob Reynolds
Batting: RHB Cheung Fang 0-0: Foul Ball, location: 9LMF
0-1: Foul Ball, location: 23FF
0-2: Ball
1-2: Ball
2-2: Fly out, F8 (Flyball, 8LM, EV 101.3 MPH)
Batting: SHB Adam Emery 0-0: Ball
1-0: Swinging Strike
1-1: Ball
2-1: Foul Ball, location: 7LMF
2-2: Strikes out looking
Batting: RHB Juan Galindo 0-0: Ball
1-0: Called Strike
1-1: Foul Ball, location: 9LDF
1-2: Strikes out swinging
Top of the 6th over - 0 runs, 0 hits, 0 errors, 0 left on base; Cleveland 2 - Chicago 6
BOTTOM OF THE 6TH
Chicago White Sox batting - Pitching for Cleveland Indians : RHP Lúcio Robinson
Batting: LHB George Stewart 0-0: Foul Ball, location: 2F
0-1: Ball
1-1: Ball
2-1: SINGLE (Groundball, 4MD, EV 97.5 MPH)
Batting: LHB Paul McLean 0-0: Called Strike
0-1: SINGLE (Groundball, 4MD, EV 108.1 MPH)
George Stewart to second
Runner from 2nd tries for 3rd, SAFE, throw by CF made to third
Batting: LHB Júlio González 0-0: Ball
1-0: Fielders Choice at 2nd, 5-4 (Groundball, 56, EV 90.0 MPH)
George Stewart scores
Batting: LHB Jorge Castaneda 0-0: Foul Ball, location: 5SF
0-1: Fly out, F8 (Flyball, 78D, EV 110.0 MPH)
Batting: RHB Bernardo López 0-0: Ball
1-0: Swinging Strike
1-1: Foul Ball, location: 3SF
1-2: 2-RUN HOME RUN (Flyball, 7D, EV 108.1 MPH), Distance : 393 ft
Batting: LHB Ching-wei Lok 0-0: Ball
1-0: Ball
2-0: Ground out U3 (Groundball, 3, EV 88.1 MPH)
Bottom of the 6th over - 3 runs, 3 hits, 0 errors, 0 left on base; Cleveland 2 - Chicago 9
TOP OF THE 7TH
Cleveland Indians batting - Pitching for Chicago White Sox : RHP Rob Reynolds
Batting: RHB Fedyenka Tiguntsev 0-0: Foul Ball, location: 2F
0-1: Ball
1-1: Ball
2-1: Called Strike
2-2: Ball
3-2: Foul Ball, location: 9LMF
3-2: Strikes out looking
Batting: LHB Bill Martínez 0-0: Ball
1-0: Ball
2-0: Called Strike
2-1: Ball
3-1: Foul Ball, location: 2F
3-2: Strikes out swinging
Batting: RHB Ramón Murillo 0-0: Swinging Strike
0-1: Ball
1-1: Called Strike
1-2: Fly out, F8 (Flyball, 78M, EV 90.6 MPH)
Top of the 7th over - 0 runs, 0 hits, 0 errors, 0 left on base; Cleveland 2 - Chicago 9
BOTTOM OF THE 7TH
Chicago White Sox batting - Pitching for Cleveland Indians : RHP Lúcio Robinson
Batting: LHB Doug Hanna 0-0: Ball
1-0: Ball
2-0: Called Strike
2-1: Swinging Strike
2-2: Fly out, F8 (Flyball, 78M, EV 89.4 MPH)
Pinch Hitting: LHB Greg Milligan 0-0: Foul Ball, location: 23FF
0-1: Foul Ball, location: 2F
0-2: SOLO HOME RUN (Flyball, 9LD, EV 94.4 MPH), Distance : 347 ft
Batting: RHB Roberto Moelroy 0-0: Ball
1-0: SINGLE (Line Drive, 34, EV 105.6 MPH)
Batting: LHB George Stewart 0-0: Ball
1-0: Fly out, F7 (Line Drive, 7, EV 108.1 MPH)
Pitching: RHP Paco Bernard
Batting: LHB Paul McLean 0-0: Fielders Choice at 2nd, 6-4 (Groundball, 6, EV 89.4 MPH)
Bottom of the 7th over - 1 run, 2 hits, 0 errors, 1 left on base; Cleveland 2 - Chicago 10
TOP OF THE 8TH
Cleveland Indians batting - Pitching for Chicago White Sox : RHP Rob Reynolds
Pitching: RHP Johnny West
Now in RF: Greg Milligan
Batting: LHB Jorge Morán 0-0: Fly out, F8 (Flyball, 78M, EV 95.0 MPH)
Batting: LHB Tony Locke 0-0: Ball
1-0: Ball
2-0: Fly out, F9 (Flyball, 8RM, EV 86.9 MPH)
Batting: LHB Harumi Sato 0-0: Ball
1-0: Called Strike
1-1: Foul Ball, location: 2F
1-2: Ground out U3 (Groundball, 34S, EV 83.8 MPH)
Top of the 8th over - 0 runs, 0 hits, 0 errors, 0 left on base; Cleveland 2 - Chicago 10
BOTTOM OF THE 8TH
Chicago White Sox batting - Pitching for Cleveland Indians : RHP Paco Bernard
Batting: LHB Júlio González 0-0: Called Strike
0-1: Ball
1-1: Foul Ball, location: 7LDF
1-2: Ground out 6-3 (Groundball, 6, EV 103.8 MPH)
Batting: LHB Jorge Castaneda 0-0: Called Strike
0-1: Ball
1-1: Foul Ball, location: 2LF
1-2: Fly out, F8 (Flyball, 8LD, EV 97.5 MPH)
Batting: RHB Bernardo López 0-0: Hit by Pitch
Batting: LHB Ching-wei Lok 0-0: Called Strike
0-1: Ball
1-1: Ball
2-1: Swinging Strike
2-2: Strikes out swinging
Bottom of the 8th over - 0 runs, 0 hits, 0 errors, 1 left on base; Cleveland 2 - Chicago 10
TOP OF THE 9TH
Cleveland Indians batting - Pitching for Chicago White Sox : RHP Johnny West
Batting: RHB Cheung Fang 0-0: Called Strike
0-1: Foul Ball, location: 9LMFF
0-2: Foul Ball, location: 9LMF
0-2: Strikes out swinging, 2-3 out at first.
Batting: SHB Adam Emery 0-0: Ball
1-0: Fly out, F7 (Flyball, 7, EV 85.6 MPH)
Batting: RHB Juan Galindo 0-0: DOUBLE (Line Drive, 78D, EV 99.4 MPH)
Batting: RHB Fedyenka Tiguntsev 0-0: Called Strike
0-1: Ball
1-1: Ball
2-1: Called Strike
2-2: Ball
3-2: Strikes out swinging
Top of the 9th over - 0 runs, 1 hit, 0 errors, 1 left on base; Cleveland 2 - Chicago 10
Monday, April 8th , 2024 - OOTP Baseball 24.10 Build 82